 Dungeon Crawl Stone Soup version 0.27.1-33-g824d729ab1 (webtiles) character file.

Game seed: 7178045211151002182

1711 McKennaii the Destroyer (level 8, -4/57 HPs)
             Began as a Demigod Conjurer on Dec 15, 2021.
             Splashed by an acid dragon's acid (17 damage)
             ... on level 5 of the Dungeon.
             The game lasted 00:04:12 (4641 turns).

McKennaii the Destroyer (Demigod Conjurer)          Turns: 4641, Time: 00:04:13

Health: -4/57      AC: -2    Str:  8    XL:     8   Next: 45%
Magic:  2/20       EV: 12    Int: 34    God:
Gold:   252        SH:  0    Dex: 12    Spells: 12/19 levels left

rFire    . . .     SeeInvis .   (no weapon)
rCold    . . .     Faith    .   (no shield)
rNeg     . . .     Spirit   .   a - +0 robe
rPois    .         Reflect  .   (no helmet)
rElec    .         Harm     .   (no cloak)
rCorr    .         Rampage  .   (no gloves)
Will     .....                  (no boots)
Stlth    ++........             (no amulet)
HPRegen  0.19/turn              f - +6 ring of intelligence
MPRegen  0.17/turn              (no ring)

@: corroded
A: high mp 1, forlorn
a: no special abilities


You were on level 5 of the Dungeon.
You visited 1 branch of the dungeon, and saw 5 of its levels.

You collected 252 gold pieces.

Inventory:

Armour
 a - a +0 robe (worn)
Jewellery
 f - a +6 ring of intelligence (left hand)
 s - a ring of fire
Wands
 n - a wand of acid (6)
Scrolls
 c - a scroll of torment {unknown}
 d - a scroll of blinking {unknown}
 e - a scroll of fog {unknown}
 g - a scroll of enchant armour {unknown}
 h - 2 scrolls of magic mapping {unknown}
 i - a scroll of amnesia {unknown}
 l - a scroll of identify {unknown}
 m - a scroll of fear {unknown}
 o - a scroll of holy word {unknown}
 p - 2 scrolls of enchant weapon {unknown}
 t - a scroll of teleportation {unknown}
Potions
 b - a potion of berserk rage {unknown}
 j - a potion of might {unknown}
 k - a potion of degeneration {unknown}
 q - a potion of heal wounds {unknown}
 r - a potion of flight {unknown}


   Skills:
 - Level 1.7 Dodging
 - Level 1.7 Stealth
 - Level 6.0 Spellcasting
 + Level 8.7 Conjurations
 - Level 2.0 Translocations


You had 12 spell levels left.
You knew the following spells:

 Your Spells              Type           Power      Damage    Failure   Level
a - Magic Dart            Conj           100%       1d8       1%          1
b - Searing Ray           Conj           100%       3d7       1%          2
c - Iskenderun's Mystic   Conj/Tloc      46%        2d10      4%          4

Your spell library contained the following spells:

 Spells                   Type           Power      Damage    Failure   Level
 Dazzling Flash           Conj/Hex       78%        N/A       1%          3
 Sublimation of Blood     Necr           5%         N/A       6%          2
 Wereblood                Tmut           10%        N/A       6%          2
 Fulminant Prism          Conj/Hex       19%        3d11      7%          4
 Summon Hydra             Summ           5%         N/A       100%        7


Dungeon Overview and Level Annotations

Branches:
Dungeon (5/15)
 Temple: D:4-7


Innate Abilities, Weirdness & Mutations

Your attributes grow dramatically as you level up.
You have an increased reservoir of magic. (+10% MP)
You shall have no god before yourself.


Message History

You feel sick.
Unknown command.
The searing ray hits the two-headed ogre!
The two-headed ogre is severely wounded.
You feel sick.
The two-headed ogre hits you with a +0 giant club!!
The two-headed ogre closely misses you.
Unknown command.
Casting: Searing Ray (safe; 1% risk of failure)
Confirm with . or Enter, or press ? or * to list all spells.
You erupt in a blast of force!
The mystic blast hits the two-headed ogre!
The two-headed ogre is almost dead.
The two-headed ogre is knocked back by the mystic blast.
You feel sick.
Casting: Iskenderun's Mystic Blast (dangerous; 7% risk of failure)
Confirm with . or Enter, or press ? or * to list all spells.
Aiming: Searing Ray (safe; 1% risk of failure)
Press: ? - help, Shift-Dir - straight line, f/p - two-headed ogre
Aim: a two-headed ogre, wielding two +0 giant clubs (almost dead, 92% to hit)
The searing ray misses the two-headed ogre. (Press . to maintain the ray.)
You feel sick.
Unknown command.
The searing ray hits the two-headed ogre!
You kill the two-headed ogre!
You feel sick.
Your Conjurations skill gained 2 levels and is now at level 8!
You have reached level 8!
You feel sick.
You are no longer poisoned.
An acid dragon comes into view.
You are too injured to fight recklessly!
Things that are here:
a +0 giant club; an ogre corpse The acid dragon spits acid at you.
The splash of acid hits you.
* * * LOW HITPOINT WARNING * * *
The acid corrodes you!
You are splashed with acid!
You die...

#.#####.<#)##..#.##.#.#####
#.<.....)#.##.........#
#.######.......#.######
#.##...))........#
#........#.##.##.#
####.##..........#
#.#####..###### #.#####..##
#........@# #######...#
#...# #...# #.).#
######.>)######
.....D<.........
...D...).......#
................


You could see an acid dragon (catching breath).

Vanquished Creatures
  A two-headed ogre (D:5)
  A water moccasin (D:5)
  An orc warrior (D:4)
  3 necrophages
  3 ogres
  A howler monkey (D:4)
  A jelly (D:5)
  An orc priest (D:4)
  Jessica (D:3)
  Natasha (thrice) (D:2)
  An orc wizard (D:5)
  3 gnolls (D:3)
  3 adders
  A howler monkey skeleton (D:5)
  An ufetubus (D:4)
  An adder skeleton (D:4)
  3 worms
  2 dart slugs
  8 orcs
  6 bats
  5 endoplasms
  A giant cockroach (D:2)
  3 goblins
  8 hobgoblins
  7 jackals
  5 quokkas
  A frilled lizard (D:1)
  10 kobolds
  3 rats
88 creatures vanquished.

Vanquished Creatures (others)
  3 plants (D:4)
  3 withered plants (D:4)
6 creatures vanquished.

Grand Total: 94 creatures vanquished

Notes
Turn   | Place    | Note
-------+----------+-------------------------------------------
     0 | D:1      | McKennaii the Demigod Conjurer began the quest for the Orb.
     0 | D:1      | Reached XP level 1. HP: 14/14 MP: 5/5
   237 | D:1      | Reached XP level 2. HP: 20/20 MP: 5/8
   240 | D:1      | Learned a level 2 spell: Searing Ray
   942 | D:2      | Reached XP level 3. HP: 26/26 MP: 2/10
  1085 | D:2      | Noticed Natasha
  1089 | D:2      | Killed Natasha
  1447 | D:2      | Noticed Natasha
  1451 | D:2      | Killed Natasha
  1452 | D:2      | Reached XP level 4. HP: 25/33 MP: 8/13
  1457 | D:2      | Learned a level 4 spell: Iskenderun's Mystic Blast
  1490 | D:2      | Noticed Natasha
  1496 | D:2      | Killed Natasha
  2233 | D:3      | Noticed an ogre
  2240 | D:3      | Killed an ogre
  2241 | D:3      | Reached skill level 5 in Spellcasting
  2241 | D:3      | Reached XP level 5. HP: 38/38 MP: 5/15
  2369 | D:3      | Noticed Jessica
  2377 | D:3      | Killed Jessica
  3159 | D:4      | Noticed a necrophage
  3166 | D:4      | Killed a necrophage
  3167 | D:4      | Reached XP level 6. HP: 45/45 MP: 10/18
  3260 | D:4      | Reached skill level 4 in Conjurations
  3705 | D:4      | Reached skill level 5 in Conjurations
  3705 | D:4      | Reached XP level 7. HP: 50/50 MP: 9/19
  4255 | D:5      | Entered Level 5 of the Dungeon
  4546 | D:5      | Reached skill level 1 in Translocations
  4549 | D:5      | Reached skill level 6 in Conjurations
  4623 | D:5      | Noticed a two-headed ogre
  4633 | D:5      | Killed a two-headed ogre
  4634 | D:5      | Reached skill level 8 in Conjurations
  4634 | D:5      | Reached XP level 8. HP: 18/57 MP: 0/20
  4641 | D:5      | Splashed by an acid dragon's acid

Illustrated notes

Levels and vault maps discovered:
D:1:      psy_arrival_radial02, layout_rooms, chequers_ecumenical_altar_simple
D:2:      layout_basic, uniq_natasha
D:3:      layout_loops_ring, minmay_misc_feat_tiny, uniq_jessica
D:4:      layout_basic, grunt_temple_overflow_growth_and_decay
D:5:      layout_loops_cross, nicolae_ossuary_entry_monument

Skill      XL: |  1  2  3  4  5  6  7 |
---------------+----------------------+-----
Spellcasting   | 2 3 4 5 6 |  6.0
Conjurations   | 5 8 |  8.7
Translocations | 2 |  2.0
Dodging        | |  1.7
Stealth        | |  1.7

Action                   |  1- 3 |  4- 6 |  7- 9 || total
-------------------------+-------+-------+-------++-------
 Cast: Magic Dart        |    57 |    93 |    56 ||   206
       Searing Ray       |     1 |     9 |     4 ||    14
       Iskenderun's Myst |       |       |     1 ||     1
Armor: Robe              |     6 |     3 |     6 ||    15
Dodge: Dodged            |     9 |     5 |     4 ||    18
